Workbook

Sheet Summary
A1: Pest Control Profit and Loss Summary
A2: Results use entered dates, calculated amounts, cost classes, and the included statuses selected on Assumptions.
A3: =IF(OR(Assumptions!$B$4="",Assumptions!$B$5=""),"Report period not set","Report period: "&TEXT(Assumptions!$B$4,"mm/dd/yyyy")&" through "&TEXT(Assumptions!$B$5,"mm/dd/yyyy"))
A4: Profit and Loss | B4: Amount | D4: Operating Indicators | E4: Result
A5: Service Revenue | B5: =SUMIFS(Revenue!$L$5:$L$104,Revenue!$A$5:$A$104,">="&Assumptions!$B$4,Revenue!$A$5:$A$104,"<="&Assumptions!$B$5,Revenue!$O$5:$O$104,Assumptions!$B$6) | D5: Included Service Hours | E5: =SUMIFS(Revenue!$M$5:$M$104,Revenue!$A$5:$A$104,">="&Assumptions!$B$4,Revenue!$A$5:$A$104,"<="&Assumptions!$B$5,Revenue!$O$5:$O$104,Assumptions!$B$6)
A6: Cost of Service | B6: =SUMIFS(Expenses!$J$5:$J$104,Expenses!$A$5:$A$104,">="&Assumptions!$B$4,Expenses!$A$5:$A$104,"<="&Assumptions!$B$5,Expenses!$B$5:$B$104,"Direct Cost",Expenses!$L$5:$L$104,Assumptions!$B$7) | D6: Included Route Miles | E6: =SUMIFS(Revenue!$N$5:$N$104,Revenue!$A$5:$A$104,">="&Assumptions!$B$4,Revenue!$A$5:$A$104,"<="&Assumptions!$B$5,Revenue!$O$5:$O$104,Assumptions!$B$6)
A7: Gross Profit | B7: =B5-B6 | D7: Revenue per Service Hour | E7: =IFERROR(B5/E5,"")
A8: Gross Margin | B8: =IFERROR(B7/B5,"") | D8: Revenue Excluded from P&L | E8: =SUMIFS(Revenue!$L$5:$L$104,Revenue!$A$5:$A$104,">="&Assumptions!$B$4,Revenue!$A$5:$A$104,"<="&Assumptions!$B$5,Revenue!$O$5:$O$104,"<>"&Assumptions!$B$6,Revenue!$O$5:$O$104,"<>Voided")
A9: Overhead | B9: =SUMIFS(Expenses!$J$5:$J$104,Expenses!$A$5:$A$104,">="&Assumptions!$B$4,Expenses!$A$5:$A$104,"<="&Assumptions!$B$5,Expenses!$B$5:$B$104,"Overhead",Expenses!$L$5:$L$104,Assumptions!$B$7) | D9: Costs Excluded from P&L | E9: =SUMIFS(Expenses!$J$5:$J$104,Expenses!$A$5:$A$104,">="&Assumptions!$B$4,Expenses!$A$5:$A$104,"<="&Assumptions!$B$5,Expenses!$L$5:$L$104,"<>"&Assumptions!$B$7,Expenses!$L$5:$L$104,"<>Voided")
A10: Net Profit | B10: =B7-B9 | D10: Included Cost Entries | E10: =COUNTIFS(Expenses!$A$5:$A$104,">="&Assumptions!$B$4,Expenses!$A$5:$A$104,"<="&Assumptions!$B$5,Expenses!$L$5:$L$104,Assumptions!$B$7)
A11: Net Margin | B11: =IFERROR(B10/B5,"") | D11: Report Days | E11: =IFERROR(Assumptions!$B$5-Assumptions!$B$4+1,"")
A12: Included Revenue Entries | B12: =COUNTIFS(Revenue!$A$5:$A$104,">="&Assumptions!$B$4,Revenue!$A$5:$A$104,"<="&Assumptions!$B$5,Revenue!$O$5:$O$104,Assumptions!$B$6) | D12: Included Statuses | E12: =Assumptions!$B$6&" revenue / "&Assumptions!$B$7&" costs"
A15: Month | B15: Revenue | C15: Direct Costs | D15: Overhead | E15: Net Profit
A16: =IF(OR(Assumptions!$B$4="",Assumptions!$B$5="",Assumptions!$B$5<Assumptions!$B$4),"",DATE(YEAR(Assumptions!$B$4),MONTH(Assumptions!$B$4),1)) | B16: =IF($A16="","",SUMIFS(Revenue!$L$5:$L$104,Revenue!$A$5:$A$104,">="&MAX($A16,Assumptions!$B$4),Revenue!$A$5:$A$104,"<"&MIN(DATE(YEAR($A16),MONTH($A16)+1,1),Assumptions!$B$5+1),Revenue!$O$5:$O$104,Assumptions!$B$6)) | C16: =IF($A16="","",SUMIFS(Expenses!$J$5:$J$104,Expenses!$A$5:$A$104,">="&MAX($A16,Assumptions!$B$4),Expenses!$A$5:$A$104,"<"&MIN(DATE(YEAR($A16),MONTH($A16)+1,1),Assumptions!$B$5+1),Expenses!$B$5:$B$104,"Direct Cost",Expenses!$L$5:$L$104,Assumptions!$B$7)) | D16: =IF($A16="","",SUMIFS(Expenses!$J$5:$J$104,Expenses!$A$5:$A$104,">="&MAX($A16,Assumptions!$B$4),Expenses!$A$5:$A$104,"<"&MIN(DATE(YEAR($A16),MONTH($A16)+1,1),Assumptions!$B$5+1),Expenses!$B$5:$B$104,"Overhead",Expenses!$L$5:$L$104,Assumptions!$B$7)) | E16: =IF($A16="","",B16-C16-D16)
A17: =IF(OR(A16="",DATE(YEAR(A16),MONTH(A16)+1,1)>Assumptions!$B$5),"",DATE(YEAR(A16),MONTH(A16)+1,1)) | B17: =IF($A17="","",SUMIFS(Revenue!$L$5:$L$104,Revenue!$A$5:$A$104,">="&MAX($A17,Assumptions!$B$4),Revenue!$A$5:$A$104,"<"&MIN(DATE(YEAR($A17),MONTH($A17)+1,1),Assumptions!$B$5+1),Revenue!$O$5:$O$104,Assumptions!$B$6)) | C17: =IF($A17="","",SUMIFS(Expenses!$J$5:$J$104,Expenses!$A$5:$A$104,">="&MAX($A17,Assumptions!$B$4),Expenses!$A$5:$A$104,"<"&MIN(DATE(YEAR($A17),MONTH($A17)+1,1),Assumptions!$B$5+1),Expenses!$B$5:$B$104,"Direct Cost",Expenses!$L$5:$L$104,Assumptions!$B$7)) | D17: =IF($A17="","",SUMIFS(Expenses!$J$5:$J$104,Expenses!$A$5:$A$104,">="&MAX($A17,Assumptions!$B$4),Expenses!$A$5:$A$104,"<"&MIN(DATE(YEAR($A17),MONTH($A17)+1,1),Assumptions!$B$5+1),Expenses!$B$5:$B$104,"Overhead",Expenses!$L$5:$L$104,Assumptions!$B$7)) | E17: =IF($A17="","",B17-C17-D17)
A18: =IF(OR(A17="",DATE(YEAR(A17),MONTH(A17)+1,1)>Assumptions!$B$5),"",DATE(YEAR(A17),MONTH(A17)+1,1)) | B18: =IF($A18="","",SUMIFS(Revenue!$L$5:$L$104,Revenue!$A$5:$A$104,">="&MAX($A18,Assumptions!$B$4),Revenue!$A$5:$A$104,"<"&MIN(DATE(YEAR($A18),MONTH($A18)+1,1),Assumptions!$B$5+1),Revenue!$O$5:$O$104,Assumptions!$B$6)) | C18: =IF($A18="","",SUMIFS(Expenses!$J$5:$J$104,Expenses!$A$5:$A$104,">="&MAX($A18,Assumptions!$B$4),Expenses!$A$5:$A$104,"<"&MIN(DATE(YEAR($A18),MONTH($A18)+1,1),Assumptions!$B$5+1),Expenses!$B$5:$B$104,"Direct Cost",Expenses!$L$5:$L$104,Assumptions!$B$7)) | D18: =IF($A18="","",SUMIFS(Expenses!$J$5:$J$104,Expenses!$A$5:$A$104,">="&MAX($A18,Assumptions!$B$4),Expenses!$A$5:$A$104,"<"&MIN(DATE(YEAR($A18),MONTH($A18)+1,1),Assumptions!$B$5+1),Expenses!$B$5:$B$104,"Overhead",Expenses!$L$5:$L$104,Assumptions!$B$7)) | E18: =IF($A18="","",B18-C18-D18)
A19: =IF(OR(A18="",DATE(YEAR(A18),MONTH(A18)+1,1)>Assumptions!$B$5),"",DATE(YEAR(A18),MONTH(A18)+1,1)) | B19: =IF($A19="","",SUMIFS(Revenue!$L$5:$L$104,Revenue!$A$5:$A$104,">="&MAX($A19,Assumptions!$B$4),Revenue!$A$5:$A$104,"<"&MIN(DATE(YEAR($A19),MONTH($A19)+1,1),Assumptions!$B$5+1),Revenue!$O$5:$O$104,Assumptions!$B$6)) | C19: =IF($A19="","",SUMIFS(Expenses!$J$5:$J$104,Expenses!$A$5:$A$104,">="&MAX($A19,Assumptions!$B$4),Expenses!$A$5:$A$104,"<"&MIN(DATE(YEAR($A19),MONTH($A19)+1,1),Assumptions!$B$5+1),Expenses!$B$5:$B$104,"Direct Cost",Expenses!$L$5:$L$104,Assumptions!$B$7)) | D19: =IF($A19="","",SUMIFS(Expenses!$J$5:$J$104,Expenses!$A$5:$A$104,">="&MAX($A19,Assumptions!$B$4),Expenses!$A$5:$A$104,"<"&MIN(DATE(YEAR($A19),MONTH($A19)+1,1),Assumptions!$B$5+1),Expenses!$B$5:$B$104,"Overhead",Expenses!$L$5:$L$104,Assumptions!$B$7)) | E19: =IF($A19="","",B19-C19-D19)
A20: =IF(OR(A19="",DATE(YEAR(A19),MONTH(A19)+1,1)>Assumptions!$B$5),"",DATE(YEAR(A19),MONTH(A19)+1,1)) | B20: =IF($A20="","",SUMIFS(Revenue!$L$5:$L$104,Revenue!$A$5:$A$104,">="&MAX($A20,Assumptions!$B$4),Revenue!$A$5:$A$104,"<"&MIN(DATE(YEAR($A20),MONTH($A20)+1,1),Assumptions!$B$5+1),Revenue!$O$5:$O$104,Assumptions!$B$6)) | C20: =IF($A20="","",SUMIFS(Expenses!$J$5:$J$104,Expenses!$A$5:$A$104,">="&MAX($A20,Assumptions!$B$4),Expenses!$A$5:$A$104,"<"&MIN(DATE(YEAR($A20),MONTH($A20)+1,1),Assumptions!$B$5+1),Expenses!$B$5:$B$104,"Direct Cost",Expenses!$L$5:$L$104,Assumptions!$B$7)) | D20: =IF($A20="","",SUMIFS(Expenses!$J$5:$J$104,Expenses!$A$5:$A$104,">="&MAX($A20,Assumptions!$B$4),Expenses!$A$5:$A$104,"<"&MIN(DATE(YEAR($A20),MONTH($A20)+1,1),Assumptions!$B$5+1),Expenses!$B$5:$B$104,"Overhead",Expenses!$L$5:$L$104,Assumptions!$B$7)) | E20: =IF($A20="","",B20-C20-D20)
A21: =IF(OR(A20="",DATE(YEAR(A20),MONTH(A20)+1,1)>Assumptions!$B$5),"",DATE(YEAR(A20),MONTH(A20)+1,1)) | B21: =IF($A21="","",SUMIFS(Revenue!$L$5:$L$104,Revenue!$A$5:$A$104,">="&MAX($A21,Assumptions!$B$4),Revenue!$A$5:$A$104,"<"&MIN(DATE(YEAR($A21),MONTH($A21)+1,1),Assumptions!$B$5+1),Revenue!$O$5:$O$104,Assumptions!$B$6)) | C21: =IF($A21="","",SUMIFS(Expenses!$J$5:$J$104,Expenses!$A$5:$A$104,">="&MAX($A21,Assumptions!$B$4),Expenses!$A$5:$A$104,"<"&MIN(DATE(YEAR($A21),MONTH($A21)+1,1),Assumptions!$B$5+1),Expenses!$B$5:$B$104,"Direct Cost",Expenses!$L$5:$L$104,Assumptions!$B$7)) | D21: =IF($A21="","",SUMIFS(Expenses!$J$5:$J$104,Expenses!$A$5:$A$104,">="&MAX($A21,Assumptions!$B$4),Expenses!$A$5:$A$104,"<"&MIN(DATE(YEAR($A21),MONTH($A21)+1,1),Assumptions!$B$5+1),Expenses!$B$5:$B$104,"Overhead",Expenses!$L$5:$L$104,Assumptions!$B$7)) | E21: =IF($A21="","",B21-C21-D21)
A22: =IF(OR(A21="",DATE(YEAR(A21),MONTH(A21)+1,1)>Assumptions!$B$5),"",DATE(YEAR(A21),MONTH(A21)+1,1)) | B22: =IF($A22="","",SUMIFS(Revenue!$L$5:$L$104,Revenue!$A$5:$A$104,">="&MAX($A22,Assumptions!$B$4),Revenue!$A$5:$A$104,"<"&MIN(DATE(YEAR($A22),MONTH($A22)+1,1),Assumptions!$B$5+1),Revenue!$O$5:$O$104,Assumptions!$B$6)) | C22: =IF($A22="","",SUMIFS(Expenses!$J$5:$J$104,Expenses!$A$5:$A$104,">="&MAX($A22,Assumptions!$B$4),Expenses!$A$5:$A$104,"<"&MIN(DATE(YEAR($A22),MONTH($A22)+1,1),Assumptions!$B$5+1),Expenses!$B$5:$B$104,"Direct Cost",Expenses!$L$5:$L$104,Assumptions!$B$7)) | D22: =IF($A22="","",SUMIFS(Expenses!$J$5:$J$104,Expenses!$A$5:$A$104,">="&MAX($A22,Assumptions!$B$4),Expenses!$A$5:$A$104,"<"&MIN(DATE(YEAR($A22),MONTH($A22)+1,1),Assumptions!$B$5+1),Expenses!$B$5:$B$104,"Overhead",Expenses!$L$5:$L$104,Assumptions!$B$7)) | E22: =IF($A22="","",B22-C22-D22)
A23: =IF(OR(A22="",DATE(YEAR(A22),MONTH(A22)+1,1)>Assumptions!$B$5),"",DATE(YEAR(A22),MONTH(A22)+1,1)) | B23: =IF($A23="","",SUMIFS(Revenue!$L$5:$L$104,Revenue!$A$5:$A$104,">="&MAX($A23,Assumptions!$B$4),Revenue!$A$5:$A$104,"<"&MIN(DATE(YEAR($A23),MONTH($A23)+1,1),Assumptions!$B$5+1),Revenue!$O$5:$O$104,Assumptions!$B$6)) | C23: =IF($A23="","",SUMIFS(Expenses!$J$5:$J$104,Expenses!$A$5:$A$104,">="&MAX($A23,Assumptions!$B$4),Expenses!$A$5:$A$104,"<"&MIN(DATE(YEAR($A23),MONTH($A23)+1,1),Assumptions!$B$5+1),Expenses!$B$5:$B$104,"Direct Cost",Expenses!$L$5:$L$104,Assumptions!$B$7)) | D23: =IF($A23="","",SUMIFS(Expenses!$J$5:$J$104,Expenses!$A$5:$A$104,">="&MAX($A23,Assumptions!$B$4),Expenses!$A$5:$A$104,"<"&MIN(DATE(YEAR($A23),MONTH($A23)+1,1),Assumptions!$B$5+1),Expenses!$B$5:$B$104,"Overhead",Expenses!$L$5:$L$104,Assumptions!$B$7)) | E23: =IF($A23="","",B23-C23-D23)
A24: =IF(OR(A23="",DATE(YEAR(A23),MONTH(A23)+1,1)>Assumptions!$B$5),"",DATE(YEAR(A23),MONTH(A23)+1,1)) | B24: =IF($A24="","",SUMIFS(Revenue!$L$5:$L$104,Revenue!$A$5:$A$104,">="&MAX($A24,Assumptions!$B$4),Revenue!$A$5:$A$104,"<"&MIN(DATE(YEAR($A24),MONTH($A24)+1,1),Assumptions!$B$5+1),Revenue!$O$5:$O$104,Assumptions!$B$6)) | C24: =IF($A24="","",SUMIFS(Expenses!$J$5:$J$104,Expenses!$A$5:$A$104,">="&MAX($A24,Assumptions!$B$4),Expenses!$A$5:$A$104,"<"&MIN(DATE(YEAR($A24),MONTH($A24)+1,1),Assumptions!$B$5+1),Expenses!$B$5:$B$104,"Direct Cost",Expenses!$L$5:$L$104,Assumptions!$B$7)) | D24: =IF($A24="","",SUMIFS(Expenses!$J$5:$J$104,Expenses!$A$5:$A$104,">="&MAX($A24,Assumptions!$B$4),Expenses!$A$5:$A$104,"<"&MIN(DATE(YEAR($A24),MONTH($A24)+1,1),Assumptions!$B$5+1),Expenses!$B$5:$B$104,"Overhead",Expenses!$L$5:$L$104,Assumptions!$B$7)) | E24: =IF($A24="","",B24-C24-D24)
A25: =IF(OR(A24="",DATE(YEAR(A24),MONTH(A24)+1,1)>Assumptions!$B$5),"",DATE(YEAR(A24),MONTH(A24)+1,1)) | B25: =IF($A25="","",SUMIFS(Revenue!$L$5:$L$104,Revenue!$A$5:$A$104,">="&MAX($A25,Assumptions!$B$4),Revenue!$A$5:$A$104,"<"&MIN(DATE(YEAR($A25),MONTH($A25)+1,1),Assumptions!$B$5+1),Revenue!$O$5:$O$104,Assumptions!$B$6)) | C25: =IF($A25="","",SUMIFS(Expenses!$J$5:$J$104,Expenses!$A$5:$A$104,">="&MAX($A25,Assumptions!$B$4),Expenses!$A$5:$A$104,"<"&MIN(DATE(YEAR($A25),MONTH($A25)+1,1),Assumptions!$B$5+1),Expenses!$B$5:$B$104,"Direct Cost",Expenses!$L$5:$L$104,Assumptions!$B$7)) | D25: =IF($A25="","",SUMIFS(Expenses!$J$5:$J$104,Expenses!$A$5:$A$104,">="&MAX($A25,Assumptions!$B$4),Expenses!$A$5:$A$104,"<"&MIN(DATE(YEAR($A25),MONTH($A25)+1,1),Assumptions!$B$5+1),Expenses!$B$5:$B$104,"Overhead",Expenses!$L$5:$L$104,Assumptions!$B$7)) | E25: =IF($A25="","",B25-C25-D25)
A26: =IF(OR(A25="",DATE(YEAR(A25),MONTH(A25)+1,1)>Assumptions!$B$5),"",DATE(YEAR(A25),MONTH(A25)+1,1)) | B26: =IF($A26="","",SUMIFS(Revenue!$L$5:$L$104,Revenue!$A$5:$A$104,">="&MAX($A26,Assumptions!$B$4),Revenue!$A$5:$A$104,"<"&MIN(DATE(YEAR($A26),MONTH($A26)+1,1),Assumptions!$B$5+1),Revenue!$O$5:$O$104,Assumptions!$B$6)) | C26: =IF($A26="","",SUMIFS(Expenses!$J$5:$J$104,Expenses!$A$5:$A$104,">="&MAX($A26,Assumptions!$B$4),Expenses!$A$5:$A$104,"<"&MIN(DATE(YEAR($A26),MONTH($A26)+1,1),Assumptions!$B$5+1),Expenses!$B$5:$B$104,"Direct Cost",Expenses!$L$5:$L$104,Assumptions!$B$7)) | D26: =IF($A26="","",SUMIFS(Expenses!$J$5:$J$104,Expenses!$A$5:$A$104,">="&MAX($A26,Assumptions!$B$4),Expenses!$A$5:$A$104,"<"&MIN(DATE(YEAR($A26),MONTH($A26)+1,1),Assumptions!$B$5+1),Expenses!$B$5:$B$104,"Overhead",Expenses!$L$5:$L$104,Assumptions!$B$7)) | E26: =IF($A26="","",B26-C26-D26)
A27: =IF(OR(A26="",DATE(YEAR(A26),MONTH(A26)+1,1)>Assumptions!$B$5),"",DATE(YEAR(A26),MONTH(A26)+1,1)) | B27: =IF($A27="","",SUMIFS(Revenue!$L$5:$L$104,Revenue!$A$5:$A$104,">="&MAX($A27,Assumptions!$B$4),Revenue!$A$5:$A$104,"<"&MIN(DATE(YEAR($A27),MONTH($A27)+1,1),Assumptions!$B$5+1),Revenue!$O$5:$O$104,Assumptions!$B$6)) | C27: =IF($A27="","",SUMIFS(Expenses!$J$5:$J$104,Expenses!$A$5:$A$104,">="&MAX($A27,Assumptions!$B$4),Expenses!$A$5:$A$104,"<"&MIN(DATE(YEAR($A27),MONTH($A27)+1,1),Assumptions!$B$5+1),Expenses!$B$5:$B$104,"Direct Cost",Expenses!$L$5:$L$104,Assumptions!$B$7)) | D27: =IF($A27="","",SUMIFS(Expenses!$J$5:$J$104,Expenses!$A$5:$A$104,">="&MAX($A27,Assumptions!$B$4),Expenses!$A$5:$A$104,"<"&MIN(DATE(YEAR($A27),MONTH($A27)+1,1),Assumptions!$B$5+1),Expenses!$B$5:$B$104,"Overhead",Expenses!$L$5:$L$104,Assumptions!$B$7)) | E27: =IF($A27="","",B27-C27-D27)

Sheet Revenue
A1: Service Revenue Entries
A2: Enter service revenue details. Amount is calculated from quantity and unit price. Summary includes only the selected status and reporting period. All examples are fictional.
A4: Date | B4: Customer | C4: Service Site | D4: Pest Concern | E4: Service | F4: Technician | G4: Product | H4: Route | I4: Quantity | J4: Unit | K4: Unit Price | L4: Amount | M4: Hours | N4: Miles | O4: Status
A5: 46030 | B5: Fictional Acorn Cafe | C5: Fictional Site Alpha — Sampletown | D5: Fictional Ant Concern | E5: Fictional General Pest Visit | F5: Fictional Technician Avery | G5: Fictional Product A | H5: Fictional Route North | I5: 1 | J5: service | K5: 185 | L5: =IF(OR(A5="",I5="",K5=""),"",IFERROR(I5*K5,"")) | M5: 1.5 | N5: 22 | O5: Posted
A6: 46044 | B6: Fictional Blue Kite Market | C6: Fictional Site Bravo — Example Harbor | D6: Fictional Rodent Concern | E6: Fictional Rodent Monitoring Visit | F6: Fictional Technician Blake | G6: Fictional Product B | H6: Fictional Route Central | I6: 1 | J6: service | K6: 240 | L6: =IF(OR(A6="",I6="",K6=""),"",IFERROR(I6*K6,"")) | M6: 2 | N6: 18 | O6: Posted
A7: 46059 | B7: Fictional Copper Leaf Studio | C7: Fictional Site Charlie — Sampletown | D7: Fictional Spider Concern | E7: Fictional Exterior Inspection | F7: Fictional Technician Casey | G7: Not Applicable | H7: Fictional Route South | I7: 1 | J7: service | K7: 165 | L7: =IF(OR(A7="",I7="",K7=""),"",IFERROR(I7*K7,"")) | M7: 1.25 | N7: 31 | O7: Posted
A8: 46093 | B8: Fictional Doodle Works | C8: Fictional Site Delta — Imaginary Junction | D8: Fictional Cockroach Concern | E8: Fictional Commercial Service | F8: Fictional Technician Devon | G8: Fictional Product C | H8: Fictional Route Central | I8: 1 | J8: service | K8: 320 | L8: =IF(OR(A8="",I8="",K8=""),"",IFERROR(I8*K8,"")) | M8: 2.5 | N8: 26 | O8: Posted
A9: 46121 | B9: Fictional Ember Bakery | C9: Fictional Site Echo — Example Harbor | D9: Fictional Ant Concern | E9: Fictional Follow-up Visit | F9: Fictional Technician Avery | G9: Fictional Product A | H9: Fictional Route North | I9: 1 | J9: service | K9: 195 | L9: =IF(OR(A9="",I9="",K9=""),"",IFERROR(I9*K9,"")) | M9: 1.25 | N9: 20 | O9: Posted
A10: 46163 | B10: Fictional Feather Clock Shop | C10: Fictional Site Foxtrot — Sampletown | D10: Fictional Wasp Concern | E10: Fictional Seasonal Service | F10: Fictional Technician Blake | G10: Fictional Product D | H10: Fictional Route South | I10: 1 | J10: service | K10: 275 | L10: =IF(OR(A10="",I10="",K10=""),"",IFERROR(I10*K10,"")) | M10: 2 | N10: 34 | O10: Posted
A11: 46184 | B11: Fictional Golden Button Office | C11: Fictional Site Golf — Imaginary Junction | D11: Fictional Spider Concern | E11: Fictional General Pest Visit | F11: Fictional Technician Casey | G11: Fictional Product B | H11: Fictional Route Central | I11: 1 | J11: service | K11: 145 | L11: =IF(OR(A11="",I11="",K11=""),"",IFERROR(I11*K11,"")) | M11: 1 | N11: 17 | O11: Posted
A12: 46220 | B12: Fictional Harbor Lantern Cafe | C12: Fictional Site Hotel — Example Harbor | D12: Fictional Stored Product Concern | E12: Fictional Commercial Service | F12: Fictional Technician Devon | G12: Fictional Product C | H12: Fictional Route North | I12: 2 | J12: service | K12: 135 | L12: =IF(OR(A12="",I12="",K12=""),"",IFERROR(I12*K12,"")) | M12: 2.75 | N12: 29 | O12: Posted
A13: 46248 | B13: Fictional Indigo Paper Company | C13: Fictional Site India — Sampletown | D13: Fictional Rodent Concern | E13: Fictional Rodent Monitoring Visit | F13: Fictional Technician Avery | G13: Fictional Product B | H13: Fictional Route South | I13: 1 | J13: service | K13: 225 | L13: =IF(OR(A13="",I13="",K13=""),"",IFERROR(I13*K13,"")) | M13: 1.75 | N13: 24 | O13: Posted
A14: 46269 | B14: Fictional Juniper Toy Room | C14: Fictional Site Juliet — Imaginary Junction | D14: Fictional Ant Concern | E14: Fictional Follow-up Visit | F14: Fictional Technician Blake | G14: Fictional Product A | H14: Fictional Route Central | I14: 1 | J14: service | K14: 210 | L14: =IF(OR(A14="",I14="",K14=""),"",IFERROR(I14*K14,"")) | M14: 1.5 | N14: 21 | O14: Reviewed
L15: =IF(OR(A15="",I15="",K15=""),"",IFERROR(I15*K15,""))
L16: =IF(OR(A16="",I16="",K16=""),"",IFERROR(I16*K16,""))
L17: =IF(OR(A17="",I17="",K17=""),"",IFERROR(I17*K17,""))
L18: =IF(OR(A18="",I18="",K18=""),"",IFERROR(I18*K18,""))
L19: =IF(OR(A19="",I19="",K19=""),"",IFERROR(I19*K19,""))
L20: =IF(OR(A20="",I20="",K20=""),"",IFERROR(I20*K20,""))
L21: =IF(OR(A21="",I21="",K21=""),"",IFERROR(I21*K21,""))
L22: =IF(OR(A22="",I22="",K22=""),"",IFERROR(I22*K22,""))
L23: =IF(OR(A23="",I23="",K23=""),"",IFERROR(I23*K23,""))
L24: =IF(OR(A24="",I24="",K24=""),"",IFERROR(I24*K24,""))
L25: =IF(OR(A25="",I25="",K25=""),"",IFERROR(I25*K25,""))
L26: =IF(OR(A26="",I26="",K26=""),"",IFERROR(I26*K26,""))
... L104: =IF(OR(A104="",I104="",K104=""),"",IFERROR(I104*K104,""))

Sheet Expenses
A1: Cost of Service and Overhead Entries
A2: Classify each cost as Direct Cost or Overhead. Amount is calculated from quantity and unit cost. All examples, products, routes, and responsibilities are fictional.
A4: Date | B4: Cost Class | C4: Category | D4: Description | E4: Product | F4: Route | G4: Quantity | H4: Unit | I4: Unit Cost | J4: Amount | K4: Responsibility | L4: Status
A5: 46027 | B5: Direct Cost | C5: Materials | D5: Fictional Product A supply entry | E5: Fictional Product A | F5: Fictional Route North | G5: 40 | H5: ounce | I5: 0.85 | J5: =IF(OR(A5="",G5="",I5=""),"",IFERROR(G5*I5,"")) | K5: Fictional Service Lead | L5: Posted
A6: 46053 | B6: Direct Cost | C6: Technician Labor | D6: Fictional January field labor allocation | E6: Not Applicable | F6: Fictional Route All | G6: 8 | H6: hour | I6: 28 | J6: =IF(OR(A6="",G6="",I6=""),"",IFERROR(G6*I6,"")) | K6: Fictional Operations Lead | L6: Posted
A7: 46054 | B7: Overhead | C7: Office | D7: Fictional office cost allocation | E7: Not Applicable | F7: Fictional Route All | G7: 1 | H7: month | I7: 160 | J7: =IF(OR(A7="",G7="",I7=""),"",IFERROR(G7*I7,"")) | K7: Fictional Office Lead | L7: Posted
A8: 46091 | B8: Direct Cost | C8: Fuel and Travel | D8: Fictional route travel allocation | E8: Not Applicable | F8: Fictional Route Central | G8: 58 | H8: mile | I8: 0.67 | J8: =IF(OR(A8="",G8="",I8=""),"",IFERROR(G8*I8,"")) | K8: Fictional Operations Lead | L8: Posted
A9: 46113 | B9: Overhead | C9: Insurance | D9: Fictional operating insurance allocation | E9: Not Applicable | F9: Fictional Route All | G9: 1 | H9: month | I9: 125 | J9: =IF(OR(A9="",G9="",I9=""),"",IFERROR(G9*I9,"")) | K9: Fictional Owner | L9: Posted
A10: 46161 | B10: Direct Cost | C10: Materials | D10: Fictional Product D supply entry | E10: Fictional Product D | F10: Fictional Route South | G10: 2 | H10: gallon | I10: 32 | J10: =IF(OR(A10="",G10="",I10=""),"",IFERROR(G10*I10,"")) | K10: Fictional Service Lead | L10: Posted
A11: 46174 | B11: Overhead | C11: Marketing | D11: Fictional local promotion allocation | E11: Not Applicable | F11: Fictional Route All | G11: 1 | H11: each | I11: 95 | J11: =IF(OR(A11="",G11="",I11=""),"",IFERROR(G11*I11,"")) | K11: Fictional Office Lead | L11: Posted
A12: 46218 | B12: Direct Cost | C12: Equipment | D12: Fictional service equipment entry | E12: Not Applicable | F12: Fictional Route North | G12: 1 | H12: each | I12: 72 | J12: =IF(OR(A12="",G12="",I12=""),"",IFERROR(G12*I12,"")) | K12: Fictional Service Lead | L12: Posted
A13: 46246 | B13: Direct Cost | C13: Technician Labor | D13: Fictional August field labor allocation | E13: Not Applicable | F13: Fictional Route South | G13: 5.5 | H13: hour | I13: 29 | J13: =IF(OR(A13="",G13="",I13=""),"",IFERROR(G13*I13,"")) | K13: Fictional Operations Lead | L13: Posted
A14: 46268 | B14: Overhead | C14: Training | D14: Fictional internal training allocation | E14: Not Applicable | F14: Fictional Route All | G14: 2 | H14: hour | I14: 35 | J14: =IF(OR(A14="",G14="",I14=""),"",IFERROR(G14*I14,"")) | K14: Fictional Owner | L14: Reviewed
J15: =IF(OR(A15="",G15="",I15=""),"",IFERROR(G15*I15,""))
J16: =IF(OR(A16="",G16="",I16=""),"",IFERROR(G16*I16,""))
J17: =IF(OR(A17="",G17="",I17=""),"",IFERROR(G17*I17,""))
J18: =IF(OR(A18="",G18="",I18=""),"",IFERROR(G18*I18,""))
J19: =IF(OR(A19="",G19="",I19=""),"",IFERROR(G19*I19,""))
J20: =IF(OR(A20="",G20="",I20=""),"",IFERROR(G20*I20,""))
J21: =IF(OR(A21="",G21="",I21=""),"",IFERROR(G21*I21,""))
J22: =IF(OR(A22="",G22="",I22=""),"",IFERROR(G22*I22,""))
J23: =IF(OR(A23="",G23="",I23=""),"",IFERROR(G23*I23,""))
J24: =IF(OR(A24="",G24="",I24=""),"",IFERROR(G24*I24,""))
J25: =IF(OR(A25="",G25="",I25=""),"",IFERROR(G25*I25,""))
J26: =IF(OR(A26="",G26="",I26=""),"",IFERROR(G26*I26,""))
... J104: =IF(OR(A104="",G104="",I104=""),"",IFERROR(G104*I104,""))

Sheet Assumptions
A1: Profit and Loss Assumptions and Editable Lists
A2: Edit the reporting period, entry limits, and list choices as operating needs change. All displayed names and examples are fictional.
A3: Reporting and Entry Limits | B3: Editable Value | D3: Status | E3: Cost Class | F3: Units | G3: Services | H3: Pest Concerns | I3: Technicians | J3: Products | K3: Routes | L3: Expense Categories | M3: Responsibilities
A4: Report Start Date | B4: 46023 | D4: Draft | E4: Direct Cost | F4: service | G4: Fictional General Pest Visit | H4: Fictional Ant Concern | I4: Fictional Technician Avery | J4: Fictional Product A | K4: Fictional Route North | L4: Materials | M4: Fictional Operations Lead
A5: Report End Date | B5: 46387 | D5: Reviewed | E5: Overhead | F5: hour | G5: Fictional Rodent Monitoring Visit | H5: Fictional Rodent Concern | I5: Fictional Technician Blake | J5: Fictional Product B | K5: Fictional Route South | L5: Technician Labor | M5: Fictional Service Lead
A6: Revenue Included Status | B6: Posted | D6: Posted | F6: mile | G6: Fictional Exterior Inspection | H6: Fictional Cockroach Concern | I6: Fictional Technician Casey | J6: Fictional Product C | K6: Fictional Route Central | L6: Fuel and Travel | M6: Fictional Office Lead
A7: Expense Included Status | B7: Posted | D7: Voided | F7: ounce | G7: Fictional Follow-up Visit | H7: Fictional Spider Concern | I7: Fictional Technician Devon | J7: Fictional Product D | K7: Fictional Route All | L7: Equipment | M7: Fictional Owner
A8: Maximum Quantity | B8: 10000 | F8: gallon | G8: Fictional Commercial Service | H8: Fictional Wasp Concern | J8: Not Applicable | L8: Office
A9: Maximum Unit Price or Cost | B9: 100000 | F9: pound | G9: Fictional Seasonal Service | H9: Fictional Stored Product Concern | L9: Insurance
A10: Maximum Hours per Revenue Entry | B10: 24 | F10: each | L10: Marketing
A11: Maximum Miles per Revenue Entry | B11: 1000 | F11: month | L11: Training
A12: Earliest Allowed Entry Date | B12: 45292
A13: Latest Allowed Entry Date | B13: 47118
